 Dungeon Crawl Stone Soup version 0.32-a0-953-g508020473e (webtiles) character file.

Game seed: 16567000339573615992

174338 Autsider the Convoker (level 17, -11/97 HPs)
             Began as a Deep Elf Hedge Wizard on Apr 15, 2024.
             Was a High Priest of Sif Muna.
             Mangled by Arachne
             ... wielding a staff of alchemy
              (18 damage)
             ... on level 3 of the Spider Nest on Apr 16, 2024.
             The game lasted 03:28:02 (49198 turns).

Autsider the Convoker (Deep Elf Hedge Wizard)      Turns: 49198, Time: 03:28:03

Health: -11/97     AC: 14    Str:  7      XL:     17   Next: 44%
Magic:  13/36      EV: 16    Int: 31      God:    Sif Muna [*****.]
Gold:   1698       SH:  0    Dex: 13 (14) Spells: 1/42 levels left

rFire   + + +        Y - +3 Elemental Staff {ele, rElec rF+ rC+ AC+3, !a}
rCold   + + .        H - orb {*channel}
rNeg    . . .        s - +1 leather armour of Compassion {^Contam +Blink rF++ Int+3}
rPois   +            b - +2 helmet
rElec   +            F - +0 cloak
rCorr   .            (no gloves)
SInv    .            p - +2 pair of boots
Will    ++...        N - amulet of magic regeneration
Stlth   +++++        o - ring "Fagianin" {rF+ rC+ Will+ Stlth+}
HPRegen 0.36/turn    I - ring of poison resistance
MPRegen 0.65/turn

%: channel magic (20%)
@: lethally poisoned (-11 -> -22), slightly contaminated, studying Summonings
A: deterioration 1, persistent drain
a: Renounce Religion, Evoke Blink, Channel Magic, Forget Spell, Divine Exegesis


You were on level 3 of the Spider Nest.
You worshipped Sif Muna.
Sif Muna was extremely pleased with you.
You visited 6 branches of the dungeon, and saw 29 of its levels.
You also visited: Ice Cave.

You collected 3830 gold pieces.
You spent 2132 gold pieces at shops.

Inventory:

Hand Weapons
 Y - the +3 Elemental Staff (weapon) {ele, rElec rF+ rC+ AC+3, !a}
   (You acquired it on level 3 of the Elven Halls)

   AC+3:      It affects your AC (+3).
   rF+:       It protects you from fire.
   rC+:       It protects you from cold.
   rElec:     It insulates you from electricity.
Armour
 b - a +2 helmet (worn)
 p - a +2 pair of boots (worn)
 s - the +1 leather armour of Compassion (worn) {^Contam +Blink rF++ Int+3}
   (You bought it in a shop on level 2 of the Orcish Mines)

   Int+3:     It affects your intelligence (+3).
   rF++:      It greatly protects you from fire.
   +Blink:    It lets you blink.
   ^Contam:   It causes magical contamination when unequipped.
 B - a +3 ring mail of willpower
 F - a +0 cloak (worn)
 H - an orb of energy (worn)
Jewellery
 l - a ring of magical power
 m - a ring of see invisible
 o - the ring "Fagianin" (left hand) {rF+ rC+ Will+ Stlth+}
   (You bought it in a shop on level 2 of the Orcish Mines)

   [ring of willpower]

   rF+:       It protects you from fire.
   rC+:       It protects you from cold.
   Will+:     It increases your willpower.
   Stlth+:    It makes you more stealthy.
 r - a ring of wizardry
 v - a +4 ring of protection
 I - a ring of poison resistance (right hand)
 J - a +6 ring of intelligence
 N - an amulet of magic regeneration (around neck)
Talismans
 C - a granite talisman
Wands
 c - a wand of acid (4)
 i - a wand of polymorph (20)
 P - a wand of digging (21)
 R - a wand of paralysis (10)
 T - a wand of mindburst (6)
 V - a wand of roots (6)
 W - a wand of flame (19)
Scrolls
 d - 3 scrolls of immolation
 e - 4 scrolls of fog
 f - 8 scrolls of amnesia
 g - a scroll of silence
 h - 2 scrolls of revelation
 q - 3 scrolls of enchant armour
 u - 3 scrolls of fear
 y - 3 scrolls of vulnerability
 A - a scroll of enchant weapon
 D - 4 scrolls of poison
 E - 4 scrolls of teleportation {@r2}
 O - 2 scrolls of summoning
 S - a scroll of blinking
Potions
 a - 5 potions of haste
 j - 9 potions of lignification
 k - 3 potions of ambrosia
 n - 8 potions of curing {@q1}
 t - 7 potions of cancellation
 w - 2 potions of magic
 x - 2 potions of resistance
 z - 3 potions of brilliance
 L - 9 potions of might
 M - 3 potions of enlightenment
 U - 3 potions of mutation
 X - 3 potions of attraction
 Z - a potion of berserk rage
Miscellaneous
 G - a lightning rod (4/4)


   Skills:
 * Level 7.7 Fighting
 - Level 13.0 Dodging
 - Level 10.0 Stealth
 - Level 13.0 Spellcasting
 * Level 14.7 Conjurations
 - Level 17.0 Summonings
 - Level 1.1 Translocations
 - Level 4.0 Ice Magic
 - Level 4.0 Air Magic
 - Level 4.0 Earth Magic
 - Level 8.0 Alchemy
 - Level 10.0 Invocations
 - Level 4.0 Evocations
 + Level 13.5 Shapeshifting


You had one spell level left.
You knew the following spells:

 Your Spells              Type           Power      Damage    Failure   Level
a - Magic Dart            Conj           100%       1d8       1%          1
b - Stone Arrow           Conj/Erth      100%       3d13      2%          3
c - Irradiate             Conj/Alch      37%        3d24      4%          5
d - Arcjolt               Conj/Air       43%        1d53      9%          5
e - Freezing Cloud        Conj/Ice/Air   50%        6-21      14%         5
f - Bombard               Conj/Erth      43%        9d7       28%         6
w - Mephitic Cloud        Conj/Alch/Air  85%        N/A       2%          3
A - Spellforged Servitor  Conj/Summ      43%        N/A       14%         7
B - Summon Blazeheart Go  Fire/Summ      83%        N/A       5%          4
D - Call Imp              Summ           100%       N/A       1%          2

Your spell library contained the following spells:

 Spells                   Type           Power      Damage    Failure   Level
 Shock                    Conj/Air       100%       1d9       1%          1
 Sting                    Conj/Alch      100%       1d9       1%          1
 Summon Small Mammal      Summ           100%       N/A       1%          1
 Foxfire                  Conj/Fire      100%       2x1d9     2%          1
 Kiss of Death            Conj/Necr      100%       2d13      2%          1
 Sandblast                Erth           100%       2d20      4%          1
 Slow                     Hex            80%        N/A       12%         1
 Searing Ray              Conj           100%       2d8       1%          2
 Summon Ice Beast         Ice/Summ       91%        N/A       1%          3
 Momentum Strike          Conj/Tloc      100%       3d10      2%          2
 Hailstorm                Conj/Ice       87%        3d14      2%          3
 Mercury Vapours          Alch/Air       100%       N/A       3%          2
 Dazzling Flash           Conj/Hex       100%       N/A       3%          3
 Animate Armour           Summ/Erth      100%       N/A       3%          4
 Fulminant Prism          Conj/Alch      37%        3d17      3%          4
 Brom's Barrelling Bould  Conj/Erth      87%        2d10      4%          4
 Cigotuvi's Dreadful Rot  Necr/Alch/Air  100%       N/A       5%          2
 Martyr's Knell           Necr/Summ      64%        N/A       5%          4
 Frozen Ramparts          Ice            100%       1d16      8%          3
 Ozocubu's Armour         Ice            61%        N/A       8%          3
 Petrify                  Alch/Erth      72%        N/A       11%         4
 Blink                    Tloc           54%        N/A       12%         2
 Lesser Beckoning         Tloc           54%        N/A       12%         2
 Alistair's Intoxication  Alch           42%        N/A       12%         5
 Sublimation of Blood     Necr           20%        N/A       16%         2
 Confusing Touch          Hex            20%        N/A       26%         3
 Fugue of the Fallen      Necr           20%        N/A       26%         3
 Sigil of Binding         Hex            20%        N/A       26%         3
 Vampiric Draining        Necr           20%        2d7       26%         3
 Conjure Ball Lightning   Conj/Air       43%        3x3d15    28%         6
 Vhi's Electric Charge    Tloc/Air       100%       N/A       30%         4
 Eringya's Noxious Bog    Alch           31%        4d6       41%         6
 Starburst                Conj/Fire      39%        6d11      47%         6
 Dimensional Bullseye     Hex/Tloc       11%        N/A       50%         4
 Dispel Undead            Necr           20%        3d11      56%         4
 Borgnjor's Vile Clutch   Necr/Erth      24%        N/A       63%         5
 Silence                  Hex/Air        24%        N/A       63%         5
 Curse of Agony           Necr           20%        N/A       86%         5
 Permafrost Eruption      Ice/Erth       39%        2x4d9     87%         6
 Plasma Beam              Fire/Air       32%        2x1d45    98%         6
 Fulsome Fusillade        Conj/Alch      37%        (3-5)d12  98%         8
 Magnavolt                Erth/Air       39%        3d18      100%        7
 Manifold Assault         Tloc           13%        N/A       100%        7
 Ozocubu's Refrigeration  Ice            30%        4d14      100%        7
 Lehudib's Crystal Spear  Conj/Erth      43%        10d11     100%        8


Dungeon Overview and Level Annotations

Branches:
Dungeon (15/15)            Temple (1/1) D:6            Lair (5/5) D:10
  Swamp (0/4) Lair:2       Spider (3/4) Lair:3        Slime (0/5) Lair:4
    Orc (2/2) D:9             Elf (3/3) Orc:2        Vaults (0/5) D:13
 Depths (0/4) D:15          IceCv (visited)

Altars:
Ashenzari
Cheibriados
Dithmenos
Elyvilon
Fedhas
Gozag
Hepliaklqana
Kikubaaqudgha
Makhleb
Nemelex Xobeh
Okawaru
Qazlal
Ru
Sif Muna
Trog
Uskayaw
Vehumet
Wu Jian
Xom
Yredelemnul
Zin
The Shining One
Jiyva

Shops:
D:1 [   Orc:2 ![=(?   Elf:3 [[=

Annotations:
D:3 exclusion: downstairs
D:5 exclusion: 2 downstairs
D:7 1 runed translucent door, Ge0ff's ghost, novice GrWr
D:8 exclusion: downstairs
D:10 exclusion: 2 downstairs
D:11 exclusion: downstairs
D:12 Azrael
Temple 2 transporters
Lair:4 exclusions: 2 downstairs and 4 more exclusions
Spider:1 exclusion: downstairs
Spider:3 Arachne
Elf:1 exclusion: downstairs


Innate Abilities, Weirdness & Mutations

Your body sometimes deteriorates upon taking damage.
Your health recovers twice as slowly from being drained.


Message History

Confirm with . or Enter, or press ? or * to list all spells.
Aiming: Bombard (quite dangerous; 28% risk of failure)
Press: ? - help, Shift-Dir - straight line, f/p - Arachne
Aim: Arachne, wielding a staff of alchemy (severely wounded, ally target, 76% to hit)
You feel a surge of power!
The iron shot hits Arachne!!
Arachne is almost dead.
The blast sends you backwards.
Arachne says, "Come closer, little fly."
Casting: Bombard (quite dangerous; 28% risk of failure)
Confirm with . or Enter, or press ? or * to list all spells.
Aiming: Bombard (quite dangerous; 28% risk of failure)
Press: ? - help, Shift-Dir - straight line, f/p - Arachne
Aim: Arachne, wielding a staff of alchemy (almost dead, ally target, 76% to hit)
You feel a surge of power!
You miscast Bombard.
You are hit by flying rocks.
Magical energy flows into your mind! Arachne casts a spell at you.
The poison arrow hits you!!
You are poisoned.
You partially resist.
* * * LOW HITPOINT WARNING * * *
Arachne hits you with a staff of alchemy!
* * * LOW HITPOINT WARNING * * *
Arachne envenoms you.
* * * LOW HITPOINT WARNING * * *
Casting: Bombard (quite dangerous; 28% risk of failure)
Confirm with . or Enter, or press ? or * to list all spells.
Aiming: Bombard (quite dangerous; 28% risk of failure)
Press: ? - help, Shift-Dir - straight line, f/p - Arachne
Aim: Arachne, wielding a staff of alchemy (almost dead, ally target, 76% to hit)
You feel a surge of power!
You miscast Bombard.
You are lightly contaminated with residual magic.
Sparks fly from your hands!
* * * LOW HITPOINT WARNING * * *
Your body deteriorates!
You feel clumsy. Magical energy flows into your mind!
* * * LOW HITPOINT WARNING * * *
You feel very sick.
Arachne hits you with a staff of alchemy!!
You die...
Arachne says, "All wrapped up."

#..............#
##............^.#
#..............##
#..^...........#
#^.............#
##............##
#.#####...........#
##...........).....#
.......9.H@........#
...§§9............##
...§........##....#
...§.......####....
...§.......# ##..#.
#..§[......# ######
##.§.......#
#.........#


You could see Arachne (ally target), a friendly spellforged servitor (summoned)
and a friendly blazeheart golem (summoned, paralysed).

Vanquished Creatures
  Kirke (Lair:3)
  An emperor scorpion (Spider:2)
  A broodmother (Spider:3)
  A deep elf death mage (Elf:2)
  3 deep elf demonologists
  A dire elephant (Lair:5)
  2 spark wasps
  A deep elf high priest (Elf:1)
  2 hydras
  A vault guard (D:13)
  4 centaur warriors
  A peacekeeper (Elf:2)
  4 ogre magi (Orc:2)
  A merfolk avatar (Lair:5)
  4 dancing weapons
  21 two-headed ogres
  2 death knights (D:11)
  5 boulder beetles
  4 tengu warriors
  A death scarab (Spider:2)
  4 demonic crawlers
  Urug (D:13)
  An occultist (Elf:1)
  9 deep elf knights
  A salamander mystic (D:15)
  A skyshark (Lair:4)
  A pharaoh ant (Spider:2)
  3 deep elf archers (Elf:2)
  An arcanist (D:11)
  2 sea snakes (Lair:5)
  A harpy (Lair:5)
  16 deep elf pyromancers
  A nameless horror (Elf:2)
  Pikel (D:7)
  A necromancer (IceCv)
  7 deep elf zephyrmancers
  2 orc sorcerers (Elf:2)
  2 orc knights (Orc:1)
  4 manticores
  2 ugly things
  5 wolf spiders
  8 cyclopes
  9 elephants
  A torpor snail (shapeshifter) (D:15)
  3 torpor snails
  5 black mambas
  11 cane toads
  2 gargoyles (D:12)
  An ice statue (IceCv)
  7 rime drakes
  11 komodo dragons
  A yaktaur (shapeshifter) (D:14)
  A kobold demonologist (D:12)
  An efreet (D:13)
  A yaktaur (D:11)
  4 freezing wraiths
  6 trolls
  12 ice devils (IceCv)
  A wind drake (Lair:5)
  3 polar bears
  9 jumping spiders
  A saltling (Elf:2)
  3 hornets
  16 blink frogs
  A dream sheep (D:9)
  A centaur simulacrum (D:13)
  5 wyverns
  9 culicivoras
  2 shadows (D:11)
  21 slime creatures
  A spriggan (Lair:4)
  2 vampires
  46 yaks
  2 wraiths
  A dire elephant simulacrum (IceCv)
  Eustachio (D:4)
  4 basilisks
  2 fire elementals
  2 humans (D:10)
  2 wargs
  A chaos spawn (Elf:3)
  6 redbacks
  3 steam dragons
  4 vampire mosquitoes
  A human (shapeshifter) (D:11)
  4 death yak simulacra (IceCv)
  3 harpy simulacra (IceCv)
  A hell hound (D:12)
  3 hydra simulacra (IceCv)
  Duvessa (D:5)
  17 water moccasins
  11 orc warriors
  An ice beast (D:13)
  2 laughing skulls (D:15)
  6 black bears
  29 ogres
  19 wolves
  9 centaurs
  4 lemures (D:7)
  3 kobold brigands
  2 gnoll sergeants
  16 bullfrogs
  An earth elemental (Elf:2)
  4 scorpions
  4 cane toad simulacra (IceCv)
  4 wights (D:8)
  Dowan (D:6)
  3 elephant simulacra (IceCv)
  23 killer bees
  5 howler monkeys
  2 electric eels
  4 gnoll boudas
  4 jellies
  2 hounds (D:6)
  8 orc priests
  A sleepcap (D:6)
  4 iguanas (D:5)
  15 orc wizards
  5 polar bear simulacra (IceCv)
  A spriggan simulacrum (IceCv)
  2 troll simulacra (IceCv)
  4 wolf simulacra (IceCv)
  28 gnolls
  6 adders
  A naga simulacrum (IceCv)
  4 white imps
  5 ufetubi
  2 dart slugs (D:3)
  2 ribbon worms
  53 orcs
  3 endoplasms
  3 giant cockroaches (D:3)
  8 goblins
  12 hobgoblins
  11 jackals
  A quokka (D:3)
  3 ball pythons
  6 bats
  3 frilled lizards
  19 kobolds
  5 rats
764 creatures vanquished.

Vanquished Creatures (collateral kills)
  A deep elf sorcerer (Elf:1)
  A broodmother (Spider:2)
  A deep elf annihilator (Elf:2)
  2 deep elf death magi
  A fire dragon (D:15)
  A servant of whispers (Elf:2)
  2 two-headed ogres (Orc:2)
  12 dancing weapons
  A centaur warrior (D:14)
  A boulder beetle (Spider:1)
  3 demonic crawlers
  3 deep elf knights
  3 pharaoh ants
  2 deep elf archers
  5 orb spiders
  2 steelbarb worms
  3 thermic dynamos (Elf:2)
  An obsidian statue (Elf:1)
  3 wolf spiders
  5 deep elf pyromancers
  12 deep elf zephyrmancers
  4 ugly things (D:15)
  3 meliai (Spider:1)
  A torpor snail (Spider:1)
  Maggie (D:8)
  A freezing wraith (D:15)
  3 komodo dragons
  A queen bee (shapeshifter) (Elf:3)
  A polar bear (Lair:2)
  8 jumping spiders
  A nameless horror (Spider:1)
  7 tarantellas
  A blink frog (Lair:4)
  7 slime creatures (D:15)
  2 air elementals (Elf:1)
  A culicivora (Spider:1)
  3 yaks
  A water elemental (Elf:2)
  3 redbacks
  A chaos spawn (Elf:3)
  A basilisk (Lair:3)
  An orc warrior (Orc:2)
  A black bear (D:8)
  An ogre (Orc:2)
  A wolf (Lair:2)
  3 centaurs
  A kobold brigand (D:11)
  2 bullfrogs
  2 earth elementals (Elf:2)
  A gnoll sergeant (D:9)
  A killer bee (D:9)
  An orc priest (D:7)
  An orc wizard (D:6)
  3 gnolls
  2 orcs
137 creatures vanquished.

Vanquished Creatures (others)
  4 slime creatures (D:12)
  2 humans (Lair:3)
  A water moccasin (Lair:3)
  An ufetubus (IceCv)
  A kobold (D:12)
  3 blazeheart cores
12 creatures vanquished.

Grand Total: 913 creatures vanquished

Notes
Turn   | Place    | Note
-------+----------+-------------------------------------------
     0 | D:1      | Autsider the Deep Elf Hedge Wizard began the quest for the
                  | Orb.
     0 | D:1      | Reached XP level 1. HP: 10/10 MP: 7/7
   224 | D:1      | Found a faded altar of an unknown god.
   227 | D:1      | Reached XP level 2. HP: 15/15 MP: 6/9
   291 | D:1      | Found Lauxoamn's Armour Shoppe.
  1027 | D:2      | Reached XP level 3. HP: 19/19 MP: 2/10
  1687 | D:2      | Reached XP level 4. HP: 24/24 MP: 12/12
  2299 | D:3      | Reached skill level 5 in Conjurations
  2770 | D:4      | Noticed a scorpion
  2820 | D:4      | Learned a level 2 spell: Call Imp
  2824 | D:4      | Learned a level 3 spell: Mephitic Cloud
  3028 | D:4      | Reached XP level 5. HP: 24/28 MP: 12/13
  3189 | D:4      | Reached skill level 1 in Fighting
  3293 | D:4      | Noticed a black bear
  3312 | D:4      | Killed a black bear
  3313 | D:4      | Reached skill level 5 in Spellcasting
  3313 | D:4      | Reached skill level 2 in Summonings
  3313 | D:4      | Reached XP level 6. HP: 31/34 MP: 5/15
  3466 | D:4      | Noticed Eustachio
  3489 | D:4      | Killed Eustachio
  3722 | D:4      | Reached skill level 3 in Summonings
  3722 | D:4      | Reached XP level 7. HP: 40/40 MP: 11/16
  4112 | D:5      | Entered Level 5 of the Dungeon
  4221 | D:5      | Reached skill level 5 in Stealth
  4223 | D:5      | Reached skill level 5 in Dodging
  4468 | D:5      | Found a basalt altar of Yredelemnul.
  4549 | D:5      | Reached skill level 1 in Air Magic
  4549 | D:5      | Reached skill level 1 in Alchemy
  4633 | D:5      | Identified the +0 ring mail of Greater Demons {rN+}
  4653 | D:5      | Found a hide-covered altar of Uskayaw.
  5560 | D:6      | Reached XP level 8. HP: 45/45 MP: 1/19
  6422 | D:6      | Noticed Dowan
  6431 | D:6      | Killed Dowan
  6653 | D:6      | Noticed Duvessa
  6812 | D:5      | Killed Duvessa
  6960 | D:6      | Found a staircase to the Ecumenical Temple.
  6969 | Temple   | Found a transporter.
  6969 | Temple   | Found a transporter.
  6969 | Temple   | Found a transporter.
  6969 | Temple   | Found a transporter.
  6969 | Temple   | Entered the Ecumenical Temple
  6985 | Temple   | Became a worshipper of Sif Muna the Loreminder
  7105 | D:6      | Reached skill level 4 in Summonings
  7392 | D:6      | Reached XP level 9. HP: 52/52 MP: 16/23
  7696 | D:7      | Noticed Ge0ff's ghost (novice GrWr)
  7699 | D:7      | Found a runed translucent door.
  8251 | D:7      | Noticed Pikel
  8797 | D:7      | Killed Pikel
  8798 | D:7      | Reached skill level 5 in Summonings
  9631 | D:8      | Noticed Maggie
  9719 | D:8      | Killed Maggie
 10092 | D:8      | Noticed a two-headed ogre
 10121 | D:8      | Killed a two-headed ogre
 10122 | D:8      | Reached skill level 7 in Summonings
 10122 | D:8      | Reached XP level 10. HP: 39/56 MP: 10/24
 10814 | D:8      | Reached skill level 8 in Summonings
 11083 | D:8      | Reached skill level 1 in Invocations
 11087 | D:8      | Reached * piety under Sif Muna
 11423 | D:9      | Learned a level 5 spell: Irradiate
 11491 | D:9      | Noticed a two-headed ogre
 11499 | D:9      | Killed a two-headed ogre
 11500 | D:9      | Reached skill level 5 in Alchemy
 11677 | D:9      | Noticed a two-headed ogre
 11812 | D:9      | Killed a two-headed ogre
 12184 | D:9      | Identified the amulet of Cixiklaq {Faith rN++ Str+5 Dex-4}
 12240 | D:9      | Reached skill level 5 in Invocations
 12320 | D:9      | Found a staircase to the Orcish Mines.
 12566 | D:9      | Reached XP level 11. HP: 50/61 MP: 16/25
 13114 | D:10     | Entered Level 10 of the Dungeon
 13620 | D:10     | Found a staircase to the Lair.
 13804 | D:10     | Reached ** piety under Sif Muna
 13947 | D:10     | Found an iron altar of Okawaru.
 15214 | D:11     | Noticed a two-headed ogre
 15227 | D:11     | Noticed a boulder beetle
 15425 | D:11     | Reached skill level 9 in Summonings
 15425 | D:11     | Noticed a death knight
 15426 | D:11     | Noticed a centaur warrior
 15509 | D:11     | Killed a two-headed ogre
 15639 | D:11     | Noticed a two-headed ogre
 15709 | Lair:1   | Entered Level 1 of the Lair of Beasts
 16309 | Lair:1   | Reached *** piety under Sif Muna
 16569 | Lair:1   | Reached XP level 12. HP: 63/68 MP: 18/26
 16592 | Lair:1   | Reached skill level 5 in Fighting
 17081 | Lair:1   | Reached skill level 10 in Summonings
 18831 | Lair:2   | Reached skill level 10 in Conjurations
 19061 | Lair:2   | Found a staircase to the Swamp.
 20011 | Lair:3   | Found a hole to the Spider Nest.
 20588 | Lair:3   | Reached **** piety under Sif Muna
 21151 | Lair:3   | Noticed Kirke
 21162 | Lair:3   | Killed Kirke
 21301 | Lair:3   | Reached XP level 13. HP: 74/74 MP: 28/28
 21364 | Lair:3   | Identified a scroll of acquirement
 21743 | Lair:3   | Learned a level 3 spell: Stone Arrow
 21755 | Lair:4   | Found a viscous altar of Jiyva.
 21758 | Lair:4   | Found a staircase to the Slime Pits.
 22264 | Lair:4   | Reached skill level 11 in Summonings
 23072 | Lair:4   | Reached skill level 10 in Stealth
 23072 | Lair:4   | Reached skill level 10 in Spellcasting
 23467 | Lair:5   | Entered Level 5 of the Lair of Beasts
 24150 | D:11     | Reached skill level 10 in Dodging
 25500 | D:11     | Reached skill level 12 in Summonings
 26567 | D:12     | Noticed Azrael
 27023 | D:12     | Reached skill level 1 in Earth Magic
 27890 | Orc:1    | Entered Level 1 of the Orcish Mines
 28818 | Orc:1    | Learned a level 4 spell: Animate Armour
 28819 | Orc:2    | Entered Level 2 of the Orcish Mines
 29183 | Orc:2    | Reached ***** piety under Sif Muna
 29380 | Orc:2    | Reached XP level 14. HP: 80/80 MP: 30/30
 29427 | Orc:1    | Gained mutation: Your health recovers twice as slowly from
                  | being drained. [mutagenic glow]
 30182 | Orc:2    | Found a staircase to the Elven Halls.
 30189 | Orc:2    | Received a gift from Sif Muna
 30190 | Orc:2    | Reached skill level 1 in Evocations
 31982 | Orc:2    | Got Sif Muna's Almanac of the Wasteland {god gift}
 32020 | Orc:2    | Found Fatesiati's Distillery.
 32257 | Orc:2    | Found Homuewumi's Jewellery Shoppe.
 32257 | Orc:2    | Found Vatess's Magic Scroll Boutique.
 32258 | Orc:2    | Found Aruorul's Antique Armour Shop.
 32258 | Orc:2    | Found Sipuxt's Antique Weapon Shoppe.
 32566 | Orc:2    | Bought the ring "Fagianin" {rF+ rC+ Will+ Stlth+} for 634
                  | gold pieces
 32566 | Orc:2    | Bought an amulet of magic regeneration for 390 gold pieces
 32583 | Orc:2    | Bought a spiked leather armour for 133 gold pieces
 32583 | Orc:2    | Identified the +1 leather armour of Compassion {^Contam
                  | +Blink rF++ Int+3} (You bought it in a shop on level 2 of
                  | the Orcish Mines)
 32606 | Orc:2    | Acquired 1230 gold pieces
 32608 | Orc:2    | Acquired a manual of Summonings
 32821 | Lair:4   | Reached skill level 13 in Summonings
 33075 | Lair:5   | Reached skill level 1 in Shapeshifting
 33634 | Lair:5   | Found a shimmering altar of Xom.
 34199 | Lair:5   | Reached skill level 14 in Summonings
 34202 | Lair:5   | Received a gift from Sif Muna
 34209 | Lair:5   | Got Sif Muna's Vademecum on Hyletic Rime {god gift}
 35014 | Lair:5   | Identified the +12 trident of the Hurting Gods {drain, rC+}
 35018 | Lair:5   | Got the Monograph on the Meteoric Ground
 35152 | Lair:5   | Reached XP level 15. HP: 84/84 MP: 20/33
 35392 | D:12     | Upgraded the game from 0.32-a0-938-g40ac7a0f4d to
                  | 0.32-a0-953-g508020473e
 35490 | D:13     | Noticed Urug
 35498 | D:13     | Killed Urug
 35617 | D:13     | Found a frozen archway.
 35656 | IceCv    | Entered an ice cave
 35663 | IceCv    | Reached skill level 10 in Invocations
 36285 | IceCv    | Found an ancient bone altar of Kikubaaqudgha.
 36871 | IceCv    | Got the Commentary on Congelation
 37132 | D:13     | Reached skill level 5 in Shapeshifting
 37307 | D:13     | Reached skill level 15 in Summonings
 37605 | D:13     | Found a gate to the Vaults.
 39196 | D:14     | Received a gift from Sif Muna
 39197 | D:14     | Got Ote Ziry's Directory of the Productive Icicle {god
                  | gift}
 39206 | D:14     | Learned a level 7 spell: Spellforged Servitor
 39212 | D:14     | Learned a level 5 spell: Freezing Cloud
 39465 | D:14     | Found a burning altar of Makhleb.
 39643 | D:15     | Entered Level 15 of the Dungeon
 39775 | D:15     | Reached skill level 1 in Ice Magic
 39914 | D:15     | Learned a level 4 spell: Summon Blazeheart Golem
 39920 | D:15     | Learned a level 5 spell: Arcjolt
 40352 | D:15     | Found a radiant altar of Vehumet.
 40540 | D:15     | Found a staircase to the Depths.
 40870 | Elf:1    | Entered Level 1 of the Elven Halls
 41242 | Elf:1    | Reached XP level 16. HP: 54/88 MP: 11/35
 41398 | Elf:1    | Reached skill level 16 in Summonings
 41669 | Elf:1    | Got the Spellbook of Plaster Cramp
 41678 | Elf:1    | Learned a level 6 spell: Bombard
 41698 | Elf:1    | Got the Catalogue of Combed Thunderclap
 41716 | Elf:1    | Got the Elucidation of Axaxaxas mlö
 41944 | Elf:1    | Identified the +3 scale mail "Jyazenae" {MP-9 Dex-3 SInv
                  | Stlth+}
 41978 | Elf:1    | Paralysed by an air elemental for 1 turns
 42007 | Elf:1    | Paralysed by an air elemental for 1 turns
 42260 | Elf:1    | Found a shimmering blue altar of Sif Muna.
 42402 | Elf:1    | Received a gift from Sif Muna
 42403 | Elf:1    | Got Miempera's Lectures on Kinetic Energy and Prima Materia
                  | {god gift}
 42679 | Elf:2    | Reached skill level 10 in Shapeshifting
 42696 | Elf:2    | Found a crumbling gateway.
 43687 | Elf:2    | Found a runed translucent gate.
 43687 | Elf:2    | Found a runed translucent gate.
 43687 | Elf:2    | Found a runed translucent gate.
 43909 | Elf:3    | Entered Level 3 of the Elven Halls
 44237 | Elf:3    | Found Buicisotz's Antique Armour Emporium.
 44272 | Elf:3    | Acquired the +3 Elemental Staff {ele, rElec rF+ rC+ AC+3}
 44272 | Elf:3    | Found the +3 Elemental Staff {ele, rElec rF+ rC+ AC+3}
 44296 | Elf:3    | Found Vuhay's Armour Shoppe.
 44299 | Elf:3    | Found Rebysarr's Jewellery Emporium.
 44684 | Elf:3    | Noticed a Hell Sentinel
 45111 | Spider:1 | Entered Level 1 of the Spider Nest
 45177 | Spider:1 | Reached XP level 17. HP: 85/93 MP: 23/36
 46270 | Spider:1 | Received a gift from Sif Muna
 46271 | Spider:1 | Got Sif Muna's Atlas of Bolts and Snow {god gift}
 47191 | Spider:2 | Gained mutation: Your body sometimes deteriorates upon
                  | taking damage. [mutagenic glow]
 47782 | Spider:2 | Reached skill level 17 in Summonings
 48294 | Orc:2    | Bought a granite talisman for 780 gold pieces
 48297 | Orc:2    | Bought a ring of see invisible for 195 gold pieces
 49169 | Spider:3 | Noticed Arachne
 49198 | Spider:3 | Mangled by Arachne

Illustrated notes

Levels and vault maps discovered:
D:1:      minmay_arrival_stair_chambers, layout_basic,
          hellmonk_ecumenical_altar_heavens_door, serial_shops, shop
D:2:      layout_basic, minmay_misc_feat_tiny
D:3:      layout_basic, minmay_quantized
D:4:      layout_loops_ring, uniq_eustachio
D:5:      layout_cave_pods, kennysheep_little_box, mainiacjoe_overflow_alcove_1,
          minivault_26
D:6:      layout_loops_ring, minmay_temple_entry_tees,
          dreamdust_mushroom_princess, uniq_duvessa
D:7:      layout_layer_cave, hellmonk_ghost_happy_afterlife, nicolae_tricolors,
          uniq_pikel
D:8:      layout_cave_pods, minmay_fractal_squares_gapless_5, uniq_maggie
D:9:      layout_gridville, orc_0_dummy, dreamdust_gnoll_shepherd
D:10:     layout_layer_cave, okawaru_humans, minmay_lair_entry_grove
D:11:     layout_roguey, grunt_ministairs_13, minmay_tree_intersection,
          minmay_fractal_squares_gapless_7
D:12:     layout_small_grid, serial_library_hellmonk_filled_rooms, uniq_azrael
D:13:     layout_grid_maze, erik_vaults_1, serial_ice, serial_ice_a,
          serial_ice_m, serial_ice_l, serial_ice_c, portal_ice_cave_rime,
          uniq_urug
D:14:     nicolae_BIG_FREAKIN_CUBE, layout_cross, serial_glass, glass_columns_b,
          glass_columns_b, makhleb_altar_promises_db
D:15:     hangedman_depths_entry_try_elsewhere_first, layout_loops_ring,
          fiery_altar_vehumet
Temple:   hellmonk_temple_divided_pantheon
Lair:1:   layout_long_grid, grunt_megastairs_4, lemuel_fruit_tree,
          serial_bayou_shore_a, serial_bayou_shore_b,
          infiniplex_staircase_pool_2
Lair:2:   layout_gridlike, swamp_mist, serial_bayou_shore_b
Lair:3:   layout_loops_ring, spider_nest_entry_rubble,
          nicolae_quartered_pool_little, grunt_megastairs_2, uniq_kirke
Lair:4:   layout_roguey, slime_entry_1, grunt_forest_large_clearings
Lair:5:   gammafunk_lair_ancient_temple, layout_gridlike, basic_altar
Spider:1: layout_chambers, nicolae_spider_nook
Spider:2: layout_spider_delve
Spider:3: layout_cave_pods, uniq_donald, uniq_arachne, uniq_agnes
Orc:1:    cheibrodos_orc_bank, layout_diamond_mine
Orc:2:    st_orc_ogre_mass, layout_caves, serial_shops, shop
Elf:1:    elf_arrival_001, layout_gridlike, guppyfry_elf_altar,
          bh_hangedman_babel_library
Elf:2:    elven_hall_of_blades_hangedman_original
          [nicolae_blade_entry_sentries_behind_glass], layout_geoelf_grid,
          portal_desolation_entry_nicolae_nacl
Elf:3:    elf_hall, layout_onion_city, nicolae_elf_free_trip_to_the_abyss,
          minmay_shop_star

Skill      XL: |  1  2  3  4  5  6  7  8  9 10 11 12 13 14 15 16 17 |
---------------+----------------------------------------------------+-----
Conjurations   | 2 3 4 5 7 8 10 12 13 14 | 14.7
Fighting       | 1 2 4 6 7 |  7.7
Dodging        | 3 4 5 6 8 9 10 11 12 13 | 13.0
Stealth        | 3 4 5 6 8 9 10 | 10.0
Spellcasting   | 5 6 8 9 10 12 13 | 13.0
Summonings     | 2 3 4 7 8 9 10 12 14 15 16 17 | 17.0
Air Magic      | 2 3 4 |  4.0
Alchemy        | 2 4 6 8 |  8.0
Invocations    | 5 8 9 10 | 10.0
Earth Magic    | 2 4 |  4.0
Evocations     | 4 |  4.0
Shapeshifting  | 3 7 13 | 13.5
Ice Magic      | 2 4 |  4.0
Translocations | |  1.1

Action                     |  1- 3 |  4- 6 |  7- 9 | 10-12 | 13-15 | 16-18 || total
---------------------------+-------+-------+-------+-------+-------+-------++-------
  Melee: Unarmed           |    25 |       |     6 |       |       |       ||    31
         Punch             |     1 |       |       |       |       |       ||     1
         Staff             |       |       |       |       |     3 |       ||     3
   Cast: Magic Dart        |    91 |   140 |   434 |   715 |   512 |    13 ||  1905
         Mephitic Cloud    |       |     4 |    51 |    88 |   155 |    11 ||   309
         Call Imp          |       |     1 |    17 |    41 |    17 |       ||    76
         Irradiate         |       |       |       |    78 |    61 |    13 ||   152
         Stone Arrow       |       |       |       |       |   696 |    50 ||   746
         Animate Armour    |       |       |       |       |     6 |       ||     6
         Freezing Cloud    |       |       |       |       |    13 |    49 ||    62
         Spellforged Servi |       |       |       |       |    10 |    69 ||    79
         Arcjolt           |       |       |       |       |     5 |       ||     5
         Bombard           |       |       |       |       |       |    55 ||    55
         Summon Blazeheart |       |       |       |       |       |     5 ||     5
 Invoke: Channel Magic     |       |       |       |       |     1 |     2 ||     3
         Forget Spell      |       |       |       |       |       |     1 ||     1
    Use: Potion            |     1 |     1 |     3 |     2 |     1 |     2 ||    10
         Scroll            |       |     8 |     7 |     9 |     8 |     4 ||    36
   Stab: Confused          |       |       |     2 |       |       |       ||     2
 Armour: Robe              |    23 |    16 |    47 |       |       |       ||    86
         Skin              |       |       |     9 |       |       |       ||     9
         Steam dragon scal |       |       |     5 |   181 |   117 |       ||   303
         Leather armour    |       |       |       |       |   163 |   171 ||   334
  Dodge: Dodged            |    31 |    26 |    78 |   215 |   286 |   128 ||   764

Table legend: (Time is in decaauts)
 A = Elapsed time spent in this place.
 B = Non-inter-level travel time spent in this place.
 C = Inter-level travel time spent in this place.
 D = Time resting spent in this place.
 E = Time spent auto-exploring this place.
 F = Levels seen in this place.
 G = Mean time per level.
                   A        B        C        D        E       F      G
               +--------+--------+--------+--------+--------+-----+--------+
         Total |  49374 |  46293 |   3081 |  13766 |  22556 |  30 | 1645.8 |
       Dungeon |  24584 |  23037 |   1547 |   6163 |  12646 |  15 | 1638.9 |
        Temple |     36 |     19 |     17 |      0 |      0 |   1 |   36.0 |
          Lair |  10856 |  10262 |    594 |   2230 |   6176 |   5 | 2171.2 |
   Spider Nest |   3726 |   3520 |    206 |   1626 |   1191 |   3 | 1242.0 |
  Orcish Mines |   4669 |   4270 |    399 |   1739 |   1575 |   2 | 2334.5 |
   Elven Halls |   4066 |   3749 |    317 |   1332 |    803 |   3 | 1355.3 |
      Ice Cave |   1434 |   1434 |      0 |    676 |    165 |   1 | 1434.0 |
               +--------+--------+--------+--------+--------+-----+--------+

Top non-repeatable levels by time:
    D:10: 2866 daAuts
   Orc:2: 2798 daAuts
    D:11: 2453 daAuts
  Lair:4: 2427 daAuts
  Lair:1: 2371 daAuts
     D:9: 2244 daAuts
Spider:1: 2229 daAuts
  Lair:5: 2166 daAuts
     D:5: 2155 daAuts
     D:8: 2079 daAuts
  Lair:2: 2036 daAuts
     D:7: 1898 daAuts
   Orc:1: 1871 daAuts
  Lair:3: 1853 daAuts
   Elf:1: 1777 daAuts
